AoeStats
← zapata

Arabia

505333018Analyzed
1v1 RM · 23d ago on Sep 8, 2026· 74m 50s· 2 players
Game mode
Random Map
Map size
Tiny (2 player)
Population
200
Speed
Normal
Resources
Standard
Victory
Conquest
Starting age
Dark Age
Ending age
Imperial Age
RankedLock teamsTeams togetherTeam positionsShared explorationLock speedFull tech treeHidden civsTurbo modeCheats
Victory
Defeat
🇦🇷 Saracens · Argentina
887
+15
🇨🇿 Malians · Czechia
856
-15
Steposaur_CZ
0:32 Loom
10:56 Feudal Age
11:34 Man-at-Arms
17:21 Fletching
21:22 Castle Age
20:20 Horse Collar
20:27 Double-Bit Axe
21:03 Padded Archer Armor
27:02 Bodkin Arrow
27:23 Leather Archer Armor
28:56 Wheelbarrow
29:31 Ballistics
31:02 Squires
30:24 Pikeman
35:07 Imperial Age
33:44 Bow Saw
35:25 Heavy Cavalry Archer
37:57 Chemistry
42:16 Forging
42:07 Scale Mail Armor
43:18 Arson
43:58 Heavy Plow
44:07 Town Watch
45:14 Iron Casting
44:55 Chain Mail Armor
57:32 Elite Skirmisher
62:06 Scale Barding Armor
62:47 Heavy Camel Rider
63:38 Bloodlines
63:29 Husbandry
64:19 Ring Archer Armor
64:11 Chain Barding Armor
71:36 Light Cavalry
zapata
3:40 Loom
11:46 Feudal Age
11:56 Man-at-Arms
12:44 Double-Bit Axe
23:27 Castle Age
22:41 Horse Collar
23:11 Town Watch
23:44 Bloodlines
23:57 Scale Barding Armor
33:46 Wheelbarrow
33:20 Town Patrol
34:34 Heavy Plow
35:44 Fletching
36:16 Chain Barding Armor
37:28 Husbandry
37:42 Forging
37:50 Elite Skirmisher
39:11 Bow Saw
39:31 Gold Mining
43:17 Imperial Age
43:10 Iron Casting
42:31 Bodkin Arrow
43:42 Gold Shaft Mining
45:03 Ballistics
44:18 Heavy Camel Rider
45:59 Masonry
46:51 Plate Barding Armor
48:17 Thumb Ring
47:52 Heavy Camel Rider
51:41 Bracer
53:56 Murder Holes
55:44 Chemistry
58:02 Conscription
65:15 Hand Cart
71:31 Hoardings
Connection lost

Rejoining the realm…

Still unreachable

The connection could not be restored.

Session expired

The server has moved on; the page needs a fresh start.